 Dungeon Crawl Stone Soup version 0.24-a0-375-g4de66ed42b (webtiles) character file.

Game seed: 14571352736047160780

170 Laiders72 the Chopper (level 5, -11/47 HPs)
             Began as a Hill Orc Fighter on May 31, 2019.
             Killed by divine providence
             ... invoked by an orc priest
              (14 damage)
             ... on level 3 of the Dungeon.
             The game lasted 00:05:09 (2305 turns).

Laiders72 the Chopper (Hill Orc Fighter)            Turns: 2305, Time: 00:05:10

Health: -11/47     AC:  8    Str: 19    XL:     5   Next: 50%
Magic:  5/5        EV:  7    Int:  8    God:
Gold:   82         SH:  9    Dex: 11    Spells: 4/4 levels left

rFire    . . .     SeeInvis .   a - +0 war axe
rCold    . . .     Gourm    .   c - +0 shield
rNeg     . . .     Faith    .   b - +0 scale mail
rPois    +         Spirit   .   (no helmet)
rElec    .         Reflect  .   (no cloak)
rCorr    .         Harm     .   (no gloves)
MR       .....                  e - +0 pair of boots
Stlth    ..........             (no amulet)
HPRegen  0.15/turn              l - ring of poison resistance
MPRegen  0.09/turn              (no ring)

@: no status effects
A: no striking features
a: Convert to Beogh


You were on level 3 of the Dungeon.
You were not hungry.

You visited 1 branch of the dungeon, and saw 3 of its levels.

You collected 82 gold pieces.

Inventory:

Hand Weapons
 a - a +0 war axe (weapon)
 i - a +0 hunting sling
Missiles
 r - a throwing net (quivered)
Armour
 b - a +0 scale mail (worn)
 c - a +0 shield (worn)
 e - a +0 pair of boots (worn)
Jewellery
 l - a ring of poison resistance (left hand)
Scrolls
 j - a scroll of noise {unknown}
 k - a scroll of identify {unknown}
 m - 2 scrolls of magic mapping {unknown}
 n - a scroll of teleportation {unknown}
Potions
 d - a potion of might
 g - a potion of flight {unknown}
 h - a potion of heal wounds {unknown}
 o - a potion of curing
 p - a potion of degeneration {unknown}
 s - a potion of brilliance {unknown}
Comestibles
 f - 5 rations


   Skills:
 + Level 4.4 Fighting
 * Level 5.1 Axes
 + Level 4.1 Armour
 + Level 4.1 Shields


You had 4 spell levels left.
You didn't know any spells.
Your spell library was empty.

Dungeon Overview and Level Annotations

Branches:
Dungeon (3/15)

Altars:
Ashenzari
Trog


Message History

The orc priest looks braver for a moment.
The orc hits you with a +0 hand axe.
* * * LOW HITPOINT WARNING * * *
It was a potion of curing.
You feel better. You block the orc priest's attack.
The orc hits you but does no damage.
You hit the orc priest.
The orc priest is moderately wounded.
You slash the orc!
You kill the orc!
The orc priest barely misses you. The orc hits you with a +0 flail.
The orc priest begins to cast a cantrip, but forgets the words!
You hit the orc priest.
The orc priest is severely wounded.
You hit the orc. You block the orc's attack.
The orc priest calls down the wrath of Beogh upon you.
Beogh smites you!
* * * LOW HITPOINT WARNING * * *
The orc priest calls down the wrath of Beogh upon you.
Beogh smites you!
You die...

####### #.....#
## #.....# ...
#.....# ....
#.....###o....
#........o....
#....oo# ######.#
.. #@# ####
...#.#..
#.###..###.#####.
#........###...#
###........'._.#
#.#....###...###
#.#..###.#####.#
#..###....#.#...
###).....##.##..
#......#...#..


You could see an orc priest and an orc.

Vanquished Creatures
  Jessica (D:2)
  Natasha (twice) (D:2)
  A gnoll (D:1)
  2 worms
  3 dart slugs
  4 orcs (D:3)
  10 bats
  5 giant cockroaches
  10 goblins
  6 hobgoblins
  4 jackals (D:1)
  A ball python (D:1)
  10 frilled lizards
  6 kobolds
  6 rats
71 creatures vanquished.

Notes
Turn   | Place    | Note
-------+----------+-------------------------------------------
     0 | D:1      | Laiders72 the Hill Orc Fighter began the quest for the Orb.
     0 | D:1      | Reached XP level 1. HP: 19/19 MP: 1/1
   188 | D:1      | Reached skill level 3 in Axes
   415 | D:1      | Reached XP level 2. HP: 25/27 MP: 2/2
   570 | D:1      | Reached XP level 3. HP: 27/33 MP: 3/3
  1001 | D:2      | Reached skill level 4 in Axes
  1138 | D:2      | Noticed Jessica
  1144 | D:2      | Killed Jessica
  1144 | D:2      | Reached XP level 4. HP: 29/40 MP: 4/4
  1611 | D:2      | Found a bloodstained altar of Trog.
  1611 | D:2      | Noticed Natasha
  1618 | D:2      | HP: 2/40 [white imp/puff of frost[Natasha] (7)]
  1619 | D:2      | Killed Natasha
  1619 | D:2      | Reached XP level 5. HP: 2/47 MP: 5/5
  1976 | D:2      | Noticed Natasha
  1978 | D:2      | Killed Natasha
  1982 | D:2      | Reached skill level 5 in Axes
  2190 | D:3      | Found a shattered altar of Ashenzari.
  2305 | D:3      | Killed from afar by an orc priest

Levels and vault maps discovered:
D:1:      elethiomel_arrival_quiet, layout_basic, minmay_misc_feat_diagonals,
          minmay_misc_feat_hallway
D:2:      layout_rooms, lightli_temple_of_fire, uniq_natasha, uniq_jessica
D:3:      layout_rooms, nicolae_ashenzari_panopticon, st_stairs_14,
          supply_closet_lemuel, tgw_sif

Skill      XL: |  1  2  3  4  5 |
---------------+----------------+-----
Axes           | 3 4 5 |  5.1
Fighting       | 4 |  4.4
Armour         | 4 |  4.1
Shields        | 4 |  4.1

Action                   |  1- 3 |  4- 6 || total
-------------------------+-------+-------++-------
Melee: War axe           |   119 |   103 ||   222
  Use: Potion            |       |     1 ||     1
  Eat: Chunk             |     1 |     4 ||     5
Armor: Scale mail        |    73 |    44 ||   117
Dodge: Dodged            |    39 |    39 ||    78
Block: Shield            |    70 |    57 ||   127

Table legend:
 A = Non-vault XP
 B = Vault XP
 C = Vault XP percentage of total XP
 D = Non-vault monster count
 E = Vault monster count
 F = Vault count percentage of total count
                 A         B        C        D         E       F
            +---------+---------+-------+---------+---------+-------
      Total |     168 |      75 |  30.9 |      68 |       3 |   4.2
            +---------+---------+-------+---------+---------+-------
        D:1 |      63 |       0 |   0.0 |      31 |       0 |   0.0
        D:2 |      73 |      72 |  49.7 |      22 |       2 |   8.3
        D:3 |      32 |       3 |   8.6 |      15 |       1 |   6.2
            +---------+---------+-------+---------+---------+-------
